 Dungeon Crawl Stone Soup version 0.31-a0-632-g766dd24fdf (webtiles) character file.

Game seed: 18111314813983082346

37 thirtiethelement the Ruffian (level 3, 0/26 HPs)
             Began as a Demonspawn Shapeshifter on Aug 25, 2023.
             Frozen to death by an endoplasm (5 damage)
             ... on level 1 of the Dungeon.
             The game lasted 00:01:10 (336 turns).

thirtiethelement the Ruffian (DsSh)                  Turns: 336, Time: 00:01:11

Health: 0/26       AC:  2    Str: 17    XL:     3   Next: 21%
Magic:  3/3        EV: 11    Int:  9    God:
Gold:   52         SH:  4    Dex: 13    Spells: 2/2 levels left

rFire   . .          .
                       - Unarmed
rCold   . . .        e - +0 buckler
rNeg    . . .        a - +0 animal skin
rPois   .            (helmet currently unavailable)
rElec   .            (cloak currently unavailable)
rCorr   .            (gloves currently unavailable)
SInv    .            (boots currently unavailable)
Will    .....        (no amulet)
Stlth   +            (no ring)
HPRegen 2.24/turn    (no ring)
MPRegen 0.08/turn

%: no passive effects
@: beast-form
A: beast (slay +1), hooves 1, powered by death 1
a: Begin Untransformation


You were on level 1 of the Dungeon.
You were a hulking beast.
You visited 1 branch of the dungeon, and saw 1 of its levels.

You collected 52 gold pieces.

Inventory:

Hand Weapons
 f - a +0 dagger
Armour
 a - a +0 animal skin (worn)
 e - a +0 buckler (worn)
Talismans
 c - a beast talisman (active)
 d - a flux talisman
Potions
 b - a potion of lignification


   Skills:
 + Level 1.2 Fighting
 + Level 2.0 Dodging
 + Level 3.4 Unarmed Combat
 + Level 3.0 Shapeshifting


You had 2 spell levels left.
You didn't know any spells.
Your spell library was empty.

Dungeon Overview and Level Annotations

Branches:
Dungeon (1/15)

Altars:


Innate Abilities, Weirdness & Mutations

You are a hulking beast.
Your limbs bulge with bestial killing power. (Slay +1)
You have large cloven feet.
You regenerate a little health from kills.


Message History

You are too injured to fight recklessly!
You are too injured to fight recklessly!
You are too injured to fight recklessly!
You are too injured to fight recklessly!
You are too injured to fight recklessly!
You are too injured to fight recklessly!
You are too injured to fight recklessly!
You are too injured to fight recklessly!
You closely miss the jackal. You kick the jackal.
You kill the jackal!
The quokka bites you. You block the kobold's attack. The rat bites you.
The quokka bites you.
* * * LOW HITPOINT WARNING * * *
You hit the rat but do no damage. You kick the rat.
You kill the rat!
The kobold hits you with a +0 dagger.
* * * LOW HITPOINT WARNING * * *
The endoplasm closely misses you. The quokka misses you.
You punch the kobold!
You kill the kobold!
The endoplasm freezes you.
You are frozen.
* * * LOW HITPOINT WARNING * * *
The quokka closely misses you.
You hit the quokka. Your kick misses the quokka.
The quokka is severely wounded.
The endoplasm freezes you.
You are frozen.
* * * LOW HITPOINT WARNING * * *
The quokka closely misses you.
You closely miss the quokka. You kick the quokka, but do no damage.
The quokka is severely wounded.
The quokka bites you.
* * * LOW HITPOINT WARNING * * *
The endoplasm hits you but does no damage.
You hit the quokka.
You kill the quokka!
The endoplasm freezes you.
You are frozen.
You die...

###†.........############.#
#...#†##...#.......# #.#
####....#...#.......# ###
..'.........#.......#
###)###.##..........# ##..#
#.#####.......# ...## #
#.!.†...### .###
#.........# .# #...h†....#
.### #..†)J..#... ...#
#.......##. ##.##
#..####..# ....# #..# #.#
#...#### ##.# ...
##.....##. #. ...
...^...... .# ..........


You could see an endoplasm.

Vanquished Creatures
  2 dart slugs (D:1)
  A bat (D:1)
  3 endoplasms (D:1)
  A goblin (D:1)
  2 hobgoblins (D:1)
  11 jackals (D:1)
  A quokka (D:1)
  A ball python (D:1)
  A frilled lizard (D:1)
  3 kobolds (D:1)
  3 rats (D:1)
29 creatures vanquished.

Notes
Turn   | Place    | Note
-------+----------+-------------------------------------------
     0 | D:1      | thirtiethelement the Demonspawn Shapeshifter began the
                  | quest for the Orb.
     0 | D:1      | Reached XP level 1. HP: 15/15 MP: 1/1
   165 | D:1      | Gained mutation: You regenerate a little health from kills.
                  | [demonic ancestry]
   165 | D:1      | Reached XP level 2. HP: 17/21 MP: 2/2
   320 | D:1      | Gained mutation: You have large cloven feet. [demonic
                  | ancestry]
   320 | D:1      | Reached XP level 3. HP: 24/26 MP: 3/3
   334 | D:1      | HP: 1/26 [frozen (5)]
   336 | D:1      | Frozen to death by an endoplasm

Illustrated notes

Levels and vault maps discovered:
D:1:      evilmike_arrival_plus, layout_rooms

Skill      XL: |  1  2  3 |
---------------+----------+-----
Unarmed Combat | 3 |  3.4
Shapeshifting  | 3 |  3.0
Dodging        | 2 |  2.0
Fighting       | |  1.2

Action                     || total
---------------------------++-------
  Melee: Unarmed           ||    82
         Punch             ||     1
         Kick              ||     5
 Armour: Animal skin       ||    14
  Dodge: Dodged            ||    58
  Block: Buckler           ||    23

Table legend: (Time is in decaauts)
 A = Elapsed time spent in this place.
 B = Non-inter-level travel time spent in this place.
 C = Inter-level travel time spent in this place.
 D = Time resting spent in this place.
 E = Time spent auto-exploring this place.
 F = Levels seen in this place.
 G = Mean time per level.
                   A        B        C        D        E       F      G
               +--------+--------+--------+--------+--------+-----+--------+
         Total |    335 |    335 |      0 |     57 |    134 |   1 |  335.0 |
       Dungeon |    335 |    335 |      0 |     57 |    134 |   1 |  335.0 |
               +--------+--------+--------+--------+--------+-----+--------+

Top non-repeatable levels by time:
     D:1: 335 daAuts
